 Dungeon Crawl Stone Soup version 0.18-b1 (webtiles) character file.

4823 Eucla the Spear-Bearer (level 10, -7/83 HPs)
             Began as a Formicid Abyssal Knight on Apr 29, 2016.
             Was an Elder of Lugonu.
             Mangled by a yak (10 damage)
             ... on level 9 of the Dungeon.
             The game lasted 00:16:52 (7432 turns).

Eucla the Spear-Bearer (Formicid Abyssal Knight)    Turns: 7432, Time: 00:16:52

Health: -7/83      AC: 12    Str: 21    XL:     10   Next: 77%
Magic:  15/15      EV: 10    Int: 12    God:    Lugonu [****..]
Gold:   341        SH:  0    Dex: 19    Spells: 0 memorised, 9 levels left

rFire  . . .     SeeInvis +     d - +0 halberd
rCold  . . .     Gourm    .     q - +2 scale mail {rPois}
rNeg   . . .     Faith    .     (no shield)
rPois  +         Spirit   .     (helmet unavailable)
rElec  .         Dismiss  .     E - +1 cloak
rCorr  .         Reflect  .     (no gloves)
SustAt .         Harm     .     y - +1 pair of boots {Fly}
MR     +....                    (no amulet)
Stlth  ..........               s - +6 ring of dexterity
                                h - +4 ring of strength

@: flying, somewhat resistant to hostile enchantments, extremely unstealthy
A: permanent stasis, dig shafts and tunnels, four strong arms, antennae 3
a: Dig, Shaft Self, Depart the Abyss, Bend Space, Banish, Corrupt, Renounce
Religion


You were on level 9 of the Dungeon.
You worshipped Lugonu.
Lugonu was greatly pleased with you.
You were not hungry.

You visited 1 branch of the dungeon, and saw 9 of its levels.
You visited the Abyss 1 time.

You collected 561 gold pieces.
You spent 220 gold pieces at shops.

Inventory:

Hand Weapons
 a - a +1 spear
 d - a +0 halberd (weapon)
Armour
 m - a +1 chain mail
 q - a +2 scale mail of poison resistance (worn)
 w - a +1 chain mail of magic resistance
 y - a +1 pair of boots of flying (worn)
 E - a +1 cloak (worn)
Jewellery
 h - a +4 ring of strength (left hand)
 s - a +6 ring of dexterity (right hand)
 u - an uncursed ring of sustain attributes
 K - an uncursed ring of magical power
 L - an uncursed ring of see invisible
Wands
 g - a wand of polymorph (15/24)
 n - a wand of iceblast (0/15)
 B - a wand of iceblast (10/15)
 F - a wand of flame (16/48)
Scrolls
 e - 5 scrolls of remove curse
 f - a scroll of magic mapping
 t - a scroll of noise {unknown}
 x - 2 scrolls of enchant armour
 C - 2 scrolls of identify
 G - a scroll of fear {unknown}
 H - a scroll of enchant weapon {unknown}
 I - a scroll of random uselessness {unknown}
Potions
 c - 3 potions of agility {unknown}
 i - 2 potions of heal wounds
 j - 2 potions of brilliance
 k - a potion of beneficial mutation {unknown}
 l - a potion of resistance
 r - 2 potions of curing
 v - 2 potions of cure mutation {unknown}
 z - a potion of mutation {unknown}
 D - a potion of cancellation {unknown}
Books
 p - a book of Clouds

   Spells                             Type                      Level
   a - Mephitic Cloud                 Conjuration/Poison/Air       3
   b - Conjure Flame                  Conjuration/Fire             3
   c - Poisonous Cloud                Conjuration/Poison/Air       6
   d - Freezing Cloud                 Conjuration/Ice/Air          6
   e - Ring of Flames                 Charms/Fire                  7
Miscellaneous
 J - a lamp of fire
Comestibles
 b - 5 bread rations
 o - 2 meat rations
 A - 5 beef jerkies


   Skills:
 * Level 9.5 Fighting
 * Level 11.1 Polearms
 + Level 2.5 Armour
 + Level 1.3 Dodging
 + Level 7.7 Invocations


You had 9 spell levels left.
You didn't know any spells.

Dungeon Overview and Level Annotations

Branches:
Dungeon (9/15)             Temple (0/1) D:7
   Lair: D:8-11         Orc: D:9-12

Altars:
Fedhas
Gozag
Nemelex Xobeh
Sif Muna
Vehumet
Zin
The Shining One

Shops:
D:6 =[=   D:8 [[


Innate Abilities, Weirdness & Mutations

You are under a permanent stasis effect.
You can dig through walls and to a lower floor.
Your four strong arms can wield two-handed weapons with a shield.
You have a pair of large antennae on your head (SInv).


Message History

The yak is lightly wounded.
The yak gores you.
You closely miss the yak.
The yak is lightly wounded.
The yak gores you!
* * * LOW HITPOINT WARNING * * *
You slash the yak!
The yak is moderately wounded.
The yak completely misses you.
You are too injured to fight recklessly!
You closely miss the yak.
The yak is moderately wounded.
The yak gores you!
* * * LOW HITPOINT WARNING * * *
Unknown command.
You are too injured to fight recklessly!
You completely miss the yak.
The yak is moderately wounded.
The yak gores you!
You die...

#...##..........#
.... #..........#
... #........<.#
#..........# .
#..........# .
#..........#
...##...########
........#######
...........YY@#
........#######
..###...# ..
#..Y.{ #...Y #
#.YY.Y .# #.....
..# #...###
##...##


You could see 2 yaks.

Vanquished Creatures
  Erolcha (D:8)
  Pikel (D:9)
  3 yaks (D:9)
  2 ice beasts
  An orc warrior (D:6)
  2 sky beasts
  4 phantoms
  A necrophage (D:9)
  2 ogres (D:7)
  2 centaurs
  A giant frog (D:9)
  3 scorpions
  5 killer bees (D:9)
  5 howler monkeys
  A crimson imp (D:6)
  3 orc priests
  3 hounds (D:4)
  2 giant frog skeletons
  8 orc wizards
  A centaur skeleton (D:9)
  An iguana (D:7)
  5 worker ants
  A statue (D:4)
  3 gnolls (D:3)
  2 howler monkey skeletons
  5 adders
  A shadow imp (D:8)
  An ooze (D:2)
  3 worms
  2 dart slugs
  9 giant geckos
  21 orcs
  A ball python (D:6)
  8 bats
  5 giant cockroaches
  8 goblins
  8 hobgoblins
  11 jackals
  5 quokkas
  A ball python skeleton (D:4)
  A giant gecko zombie (D:6)
  3 giant newts
  A jackal skeleton (D:7)
  7 kobolds
  A quokka skeleton (D:7)
  8 rats
173 creatures vanquished.

Vanquished Creatures (others)
  A centaur warrior (D:8)
  A wyvern (D:9)
  A sky beast (D:9)
  2 slaves (D:9)
  An iguana (D:9)
  A hound skeleton (D:9)
7 creatures vanquished.

Grand Total: 180 creatures vanquished

Notes
Turn   | Place    | Note
--------------------------------------------------------------
     0 | Abyss:1  | Eucla the Formicid Abyssal Knight began the quest for the Orb.
     0 | Abyss:1  | Reached XP level 1. HP: 18/18 MP: 2/2
    54 | Abyss:1  | Noticed a profane servitor
    58 | D:1      | Escaped the Abyss
    99 | D:1      | Reached * piety under Lugonu
   181 | D:1      | Reached XP level 2. HP: 24/24 MP: 3/3
   685 | D:1      | Reached XP level 3. HP: 30/30 MP: 4/4
   724 | D:2      | Reached skill level 3 in Polearms
  1119 | D:2      | Found an opulent altar of Gozag.
  1157 | D:2      | Reached XP level 4. HP: 37/37 MP: 5/5
  1499 | D:2      | Reached ** piety under Lugonu
  2156 | D:3      | Reached XP level 5. HP: 22/43 MP: 6/6
  2164 | D:3      | Reached skill level 4 in Polearms
  2869 | D:4      | Reached XP level 6. HP: 22/50 MP: 7/7
  2875 | D:4      | Reached skill level 5 in Fighting
  2879 | D:4      | Reached skill level 5 in Polearms
  2898 | D:4      | Noticed a phantom
  2906 | D:4      | Killed a phantom
  2955 | D:4      | Reached XP level 7. HP: 22/56 MP: 8/8
  2979 | D:4      | Reached *** piety under Lugonu
  3049 | D:4      | Found a glowing golden altar of the Shining One.
  3199 | D:4      | Reached skill level 6 in Polearms
  3280 | D:4      | Found a radiant altar of Vehumet.
  3372 | D:5      | Entered Level 5 of the Dungeon
  3488 | D:5      | Found a sparkling altar of Nemelex Xobeh.
  4233 | D:6      | Reached skill level 7 in Polearms
  4233 | D:6      | Reached XP level 8. HP: 61/65 MP: 9/9
  4675 | D:6      | Found Goqu's Jewellery Emporium.
  4691 | D:6      | Reached **** piety under Lugonu
  4720 | D:6      | Found Galuampeb's Antique Armour Shop.
  4740 | D:6      | Bought a runed chain mail for 112 gold pieces
  4915 | D:6      | Reached skill level 8 in Polearms
  4948 | D:6      | Found Purig's Jewellery Shop.
  5032 | D:7      | Found a deep blue altar of Sif Muna.
  5103 | D:7      | Reached XP level 9. HP: 71/72 MP: 12/12
  5654 | D:7      | Found a glowing silver altar of Zin.
  5654 | D:7      | Noticed an angel
  5699 | D:7      | Reached skill level 5 in Invocations
  5850 | D:7      | Reached skill level 9 in Polearms
  5928 | D:7      | Found a staircase to the Ecumenical Temple.
  5957 | D:8      | Noticed Erolcha
  5965 | D:8      | Killed Erolcha
  6049 | D:8      | Found Miudwoli's Antique Armour Shoppe.
  6052 | D:8      | Bought an embroidered cloak for 108 gold pieces
  6117 | D:8      | Found Erenume's Specialty Armours.
  6117 | D:8      | Noticed a centaur warrior
  6122 | D:8      | Banished a centaur warrior
  6122 | D:8      | Reached skill level 10 in Polearms
  6122 | D:8      | Reached XP level 10. HP: 19/82 MP: 14/14
  7004 | D:9      | Found a blossoming altar of Fedhas.
  7014 | D:9      | Noticed Pikel
  7025 | D:9      | Killed Pikel
  7157 | D:9      | Reached skill level 11 in Polearms
  7330 | D:9      | Reached skill level 1 in Dodging
  7431 | D:9      | HP: 3/83 [yak (13)]
  7432 | D:9      | Mangled by a yak

Skill      XL: |  1  2  3  4  5  6  7  8  9 10 |
---------------+-------------------------------+-----
Polearms       | 3 4 5 7 8 10 11 | 11.1
Fighting       | 4 5 6 7 8 9 |  9.5
Invocations    | 4 6 7 |  7.7
Dodging        | 1 |  1.3
Armour         | |  2.5

Action                   |  1- 3 |  4- 6 |  7- 9 | 10-12 || total
-------------------------+-------+-------+-------+-------++-------
Melee: Spear             |   124 |   120 |       |       ||   244
       Halberd           |       |    88 |   386 |   126 ||   600
Invok: Depart the Abyss  |     1 |       |       |       ||     1
       Banish            |       |       |       |     3 ||     3
 Abil: Dig               |     1 |     3 |     3 |     2 ||     9
Evoke: Wand              |       |       |     3 |       ||     3
  Use: Potion            |       |     3 |     3 |       ||     6
       Scroll            |       |       |    14 |       ||    14
 Stab: Sleeping          |     1 |       |       |       ||     1
  Eat: Chunk             |     1 |     2 |    11 |     1 ||    15
       Bread ration      |       |     1 |       |       ||     1
       Fruit             |       |       |       |     3 ||     3
       Pizza             |       |       |       |     1 ||     1
       Beef jerky        |       |       |       |     1 ||     1
Armor: Leather armour    |    26 |     6 |       |       ||    32
       Chain mail        |       |    85 |   108 |       ||   193
       Skin              |       |     2 |     7 |       ||     9
       Scale mail        |       |       |    72 |    63 ||   135
Dodge: Dodged            |    55 |    65 |   143 |    52 ||   315
